 Dungeon Crawl Stone Soup version 0.26.0-16-gc1dbca0489 (webtiles) character file.

Game seed: 3170131631018716511

25 kaeus the Sneak (level 3, -1/21 HPs)
             Began as an Octopode Hedge Wizard on Jan 22, 2021.
             Slain by a jackal (2 damage)
             ... on level 2 of the Dungeon.
             The game lasted 00:01:29 (1138 turns).

kaeus the Sneak (Octopode Hedge Wizard)             Turns: 1138, Time: 00:01:29

Health: -1/21      AC:  1    Str:  9    XL:     3   Next: 6%
Magic:  7/7        EV: 13    Int: 17    God:
Gold:   22         SH:  0    Dex: 11    Spells: 3/8 levels left

rFire    . . .     SeeInvis .   e - -2 dagger (curse)
rCold    . . .     Faith    .   (no shield)
rNeg     . . .     Spirit   .   b - +0 hat
rPois    .         Reflect  .   (no amulet)
rElec    .         Harm     .   (no ring)
rCorr    .         Rampage  .   (no ring)
Will     .....                  (no ring)
Stlth    +++.......             (no ring)
HPRegen  0.07/turn              (no ring)
MPRegen  0.10/turn              (no ring)
                                (no ring)
                                (no ring)

@: no status effects
A: almost no armour, stealthy swim, amphibious, 8 rings, constrict 8, camouflage
1, gelatinous body 1
a: no special abilities


You were on level 2 of the Dungeon.
You visited 1 branch of the dungeon, and saw 2 of its levels.

You collected 22 gold pieces.

Inventory:

Hand Weapons
 c - a +1 dagger of speed
 e - a cursed -2 dagger (weapon)
Armour
 b - a +0 hat (worn)
Scrolls
 d - a scroll of amnesia {unknown}
 g - a scroll of identify
Potions
 a - a potion of magic
 f - a potion of ambrosia {unknown}
 h - a potion of haste {unknown}


   Skills:
 - Level 2.1 Dodging
 * Level 3.3 Stealth
 + Level 3.1 Spellcasting
 - Level 1.3 Conjurations
 + Level 0.3 Hexes
 + Level 1.4 Summonings
 - Level 1.3 Translocations


You had 3 spell levels left.
You knew the following spells:

 Your Spells              Type           Power        Failure   Level
a - Magic Dart            Conj           28%          10%         1
b - Call Imp              Summ           7%           14%         2
c - Slow                  Hex            3%           22%         2

Your spell library contained the following spells:

 Spells                   Type           Power        Failure   Level
 Blink                    Tloc           N/A          16%         2
 Conjure Flame            Conj/Fire      4%           36%         3
 Mephitic Cloud           Conj/Pois/Air  4%           41%         3


Dungeon Overview and Level Annotations

Branches:
Dungeon (2/15)

Altars:


Innate Abilities, Weirdness & Mutations

You cannot wear most types of armour.
You are very stealthy in the water. (Stealth+)
You are amphibious.
You can wear up to eight rings at the same time.
You can use your tentacles to constrict eight enemies at once.
Your skin changes colour to match your surroundings (Stealth+).
Your rubbery body absorbs attacks. (AC +1, EV +1)


Message History

There is a stone staircase leading up here.
You take 5 damage, and have 5/21 hp.
MASSIVE DAMAGE!!
The jackal barely misses you. The jackal closely misses you.
The jackal barely misses you.
The jackal bites you but does no damage.
The jackal bites you.
* * * LOW HITPOINT WARNING * * *
The jackal bites you but does no damage.
You take 2 damage, and have 4/21 hp.
The jackal bites you.
* * * LOW HITPOINT WARNING * * *
The goblin barely misses you.
You take 1 damage, and have 3/21 hp.
The goblin hits you.
* * * LOW HITPOINT WARNING * * *
You take 2 damage, and have 1/21 hp.
The jackal misses you. The goblin closely misses you. The jackal misses you.
The jackal closely misses you. The jackal misses you.
The jackal barely misses you. The jackal bites you.
You die...

#.#######.#######
#.# #.......#
#.#############.#
#.......# #.#
#.......# #.#
#.......# #.#
#.......# #.#
#..h....# #..
#<@hg...# #..
#.......# #...
######### #.##
..#


You could see 2 jackals and a goblin.

Vanquished Creatures
  A dart slug (D:1)
  2 giant cockroaches (D:1)
  2 hobgoblins (D:1)
  5 jackals (D:1)
  5 kobolds (D:1)
  3 bats (D:1)
  3 frilled lizards (D:1)
  A rat (D:1)
22 creatures vanquished.

Notes
Turn   | Place    | Note
-------+----------+-------------------------------------------
     0 | D:1      | kaeus the Octopode Hedge Wizard began the quest for the
                  | Orb.
     0 | D:1      | Reached XP level 1. HP: 11/11 MP: 4/4
   239 | D:1      | Reached XP level 2. HP: 17/17 MP: 6/6
   362 | D:1      | Learned a level 2 spell: Call Imp
   365 | D:1      | Learned a level 2 spell: Slow
   820 | D:1      | Reached XP level 3. HP: 11/21 MP: 3/7
  1135 | D:2      | HP: 1/21 [goblin (2)]
  1138 | D:2      | Slain by a jackal

Illustrated notes

Levels and vault maps discovered:
D:1:      lemuel_arrival_cross, layout_rooms
D:2:      layout_basic

Skill      XL: |  1  2 |
---------------+-------+-----
Stealth        | 3 |  3.3
Dodging        | |  2.1
Spellcasting   | |  3.1
Conjurations   | |  1.3
Hexes          | |  0.3
Summonings     | |  1.4
Translocations | |  1.3

Action                   || total
-------------------------++-------
Melee: Dagger            ||    30
       Constrict         ||     7
       Tentacles         ||     3
 Cast: Magic Dart        ||    41
  Use: Scroll            ||     1
 Stab: Sleeping          ||     1
Armor: Skin              ||     3
Dodge: Dodged            ||    45
